 Dungeon Crawl Stone Soup version 0.21.1-1-g345015fe64 (webtiles) character file.

118 IceCat the Digger (level 5, -5/28 HPs)
             Began as a Gargoyle Earth Elementalist on July 20, 2018.
             Killed by divine providence
             ... invoked by an orc priest
              (15 damage)
             ... on level 3 of the Dungeon.
             The game lasted 00:17:47 (1910 turns).

IceCat the Digger (Gargoyle Earth Elementalist)     Turns: 1910, Time: 00:17:50

Health: -5/28      AC: 11    Str: 12    XL:     5   Next: 2%
Magic:  3/9        EV: 12    Int: 16    God:
Gold:   123        SH:  0    Dex: 10    Spells: 5/9 levels left

rFire    . . .     SeeInvis .   t - +1 dagger (venom)
rCold    . . .     Gourm    .   (no shield)
rNeg     + . .     Faith    .   c - +0 robe
rPois    ∞         Spirit   .   (no helmet)
rElec    +         Reflect  .   (no cloak)
rCorr    .         Harm     .   (no gloves)
MR       .....                  (no boots)
Stlth    ++........             (no amulet)
HPRegen  0.09/turn              s - +5 ring of protection
MPRegen  0.11/turn              (no ring)

@: very slightly contaminated
A: negative energy resistance 1, electricity resistance, unbreathing,
petrification resistance, rot immunity, AC +4
a: no special abilities


You were on level 3 of the Dungeon.
You were not hungry.

You visited 1 branch of the dungeon, and saw 3 of its levels.

You collected 123 gold pieces.

Inventory:

Hand Weapons
 f - a +0 short sword
 n - a +1 falchion of holy wrath
 t - a +1 dagger of venom (weapon)
Missiles
 b - 35 stones (quivered)
Armour
 c - a +0 robe (worn)
Jewellery
 s - a +5 ring of protection (left hand)
Scrolls
 g - 3 scrolls of fear
 i - 2 scrolls of remove curse
 j - a scroll of identify
 k - 2 scrolls of magic mapping {unknown}
 o - a scroll of enchant weapon {unknown}
 q - a scroll of enchant armour {unknown}
 r - a scroll of fog {unknown}
Potions
 a - 2 potions of cancellation {unknown}
 l - a potion of haste {unknown}
 m - a potion of lignification {unknown}
 p - 2 potions of magic {unknown}
Books
 e - a book of Geomancy

   Spells                             Type                      Level
   a - Sandblast                      Earth                        1
   b - Passwall                       Transmutation/Earth          2
   c - Stone Arrow                    Conjuration/Earth            3
   d - Petrify                        Transmutation/Earth          4
   e - Lee's Rapid Deconstruction     Earth                        5
Comestibles
 d - 7 rations
 h - 5 chunks of flesh


   Skills:
 + Level 0.7(0.8) Short Blades
 + Level 0.2(0.5) Long Blades
 + Level 1.9 Dodging
 + Level 2.6 Stealth
 + Level 2.8 Spellcasting
 * Level 1.6 Conjurations
   Level 0.7 Transmutations
 + Level 4.8 Earth Magic


You had 5 spell levels left.
You knew the following spells:

 Your Spells              Type           Power        Failure   Level  Hunger
a - Sandblast             Erth           ###...       2%          1    #......
b - Stone Arrow           Conj/Erth      ##....       16%         3    ###....


Dungeon Overview and Level Annotations

Branches:
Dungeon (3/15)

Altars:

Annotations:
D:3 SlightEye's ghost, amateur HOFi


Innate Abilities, Weirdness & Mutations

You are resistant to torment.
Your stone body is resilient. (AC +4)
You are immune to poison.
You resist negative energy. (rN+)
You are resistant to electric shocks. (rElec)
You can survive without breathing.
You are immune to petrification.
You are immune to rotting.


Message History

Casting: Sandblast
Confirm with . or Enter, or press ? or * to list all spells.
Aiming: Sandblast
Press: ? - help, Shift-Dir - straight line, f - orc priest
Aim: an orc priest, wearing a leather armour The blast of sand hits the orc priest.
The orc priest is lightly wounded.
b - 36 stones
Casting: Sandblast
Confirm with . or Enter, or press ? or * to list all spells.
Aiming: Sandblast
Press: ? - help, Shift-Dir - straight line, f/p - orc priest
Aim: an orc priest, wearing a leather armour (lightly wounded)
The blast of sand hits the orc priest.
The orc priest is lightly wounded.
b - 35 stones The orc priest mumbles some strange prayers to Beogh against you.
Beogh smites you!
Ouch! That really hurt!
You die...

###......### #.###.............
######....#####..###.....).......
.....#..........<................
.......#..)###..# ##.............
.....##........## #.............
.....##..#####..#####............
##.####..# ##...# #...........
##.## #..# ##..# ######.#####
....###).## #.@## #.# ....##....#
##.## #.# .......##.# #.o# #.#
........#.####.## #.#
................###########.##
#...........##......o.go)....#
#.###..##........###########.#
..# #...#.##....... #.# ###
#..>.....###..... #.#


You could see an orc priest.

Vanquished Creatures
  An orc wizard (D:2)
  A worker ant (D:3)
  2 adders
  4 dart slugs
  2 leopard geckos
  7 orcs (D:3)
  2 giant cockroaches (D:3)
  2 hobgoblins
  3 jackals (D:2)
  A ball python (D:1)
  4 bats
  2 frilled lizards (D:3)
  2 goblins (D:2)
  5 kobolds
  2 rats
40 creatures vanquished.

Notes
Turn   | Place    | Note
-------+----------+-------------------------------------------
     0 | D:1      | IceCat the Gargoyle Earth Elementalist began the quest for the Orb.
     0 | D:1      | Reached XP level 1. HP: 10/10 MP: 3/3
   174 | D:1      | Reached skill level 4 in Earth Magic
   174 | D:1      | Reached XP level 2. HP: 15/15 MP: 3/5
   229 | D:1      | You fall through a shaft!
   553 | D:2      | Reached XP level 3. HP: 19/19 MP: 3/6
   562 | D:2      | Learned a level 3 spell: Stone Arrow
  1304 | D:3      | Reached skill level 1 in Conjurations
  1386 | D:3      | Reached XP level 4. HP: 24/24 MP: 2/7
  1502 | D:3      | Noticed SlightEye's ghost (amateur HOFi)
  1852 | D:3      | Reached XP level 5. HP: 28/28 MP: 3/9
  1910 | D:3      | Killed from afar by an orc priest

Skill      XL: |  1  2  3 |
---------------+----------+-----
Earth Magic    | 4 |  4.8
Conjurations   | 1 |  1.6
Short Blades   | |  0.7
Long Blades    | |  0.2
Dodging        | |  1.9
Stealth        | |  2.6
Spellcasting   | |  2.8
Transmutations | |  0.7

Action                   |  1- 3 |  4- 6 || total
-------------------------+-------+-------++-------
Melee: Short sword       |    27 |       ||    27
       Falchion          |     9 |    18 ||    27
Throw: Stone             |     3 |     2 ||     5
 Cast: Sandblast         |    24 |    16 ||    40
       Stone Arrow       |     9 |     1 ||    10
  Use: Scroll            |       |     4 ||     4
  Eat: Chunk             |     1 |     1 ||     2
       Ration            |     1 |       ||     1
Armor: Robe              |    10 |    26 ||    36
Dodge: Dodged            |    35 |     8 ||    43
       Rpst.: Falchion   |     1 |     3 ||     4
